 Dungeon Crawl Stone Soup version 0.29.0-11-gd7f09526c8 (webtiles) character file.

Game seed: 7604677340641185718

593 BeingJoeMalik the Carver (level 7, -10/40 HPs)
             Began as a Tengu Gladiator on Sept 2, 2022.
             Mangled by Duvessa
             ... wielding a +0 short sword
              (17 damage)
             ... on level 4 of the Dungeon.
             The game lasted 00:08:47 (4313 turns).

BeingJoeMalik the Carver (Tengu Gladiator)          Turns: 4313, Time: 00:08:48

Health: -10/40     AC:  4    Str: 14    XL:     7   Next: 39%
Magic:  8/8        EV: 16    Int:  8    God:
Gold:   154        SH:  0    Dex: 24    Spells: 6/6 levels left

rFire   . . .      SeeInvis .   a - +0 long sword
rCold   . . .      Faith    .   (no shield)
rNeg    . . .      Spirit   .   n - +1 leather armour {rPois}
rPois   +          Reflect  .   c - +0 hat
rElec   .          Harm     .   (no cloak)
rCorr   .          Rampage  .   (no gloves)
Will    .....                   (boots unavailable)
Stlth   ++........              (no amulet)
HPRegen 0.13/turn               C - +6 ring of dexterity
MPRegen 0.11/turn               (no ring)

@: flying quickly and evasively, quick
A: beak, talons 3, nimble flight
a: no special abilities


You were on level 4 of the Dungeon.
You visited 1 branch of the dungeon, and saw 4 of its levels.

You collected 252 gold pieces.
You spent 98 gold pieces at shops.

Inventory:

Hand Weapons
 a - a +0 long sword (weapon)
 s - a +1 short sword of venom
Missiles
 e - a javelin (quivered)
 l - a curare-tipped dart
 y - 6 poisoned darts
Armour
 c - a +0 hat (worn)
 n - a +1 leather armour of poison resistance (worn)
Jewellery
 C - a +6 ring of dexterity (left hand)
Scrolls
 f - 4 scrolls of butterflies {unknown}
 g - a scroll of teleportation {unknown}
 h - 4 scrolls of identify {unknown}
 j - a scroll of fear {unknown}
 k - 2 scrolls of amnesia {unknown}
 r - 2 scrolls of magic mapping {unknown}
 w - a scroll of acquirement {unknown}
 A - 3 scrolls of torment {unknown}
 B - a scroll of noise {unknown}
Potions
 b - a potion of brilliance {unknown}
 i - 3 potions of curing
 m - a potion of ambrosia {unknown}
 o - a potion of berserk rage {unknown}
 p - 2 potions of degeneration {unknown}
 q - a potion of resistance
 t - 3 potions of might
 u - a potion of cancellation {unknown}
 v - a potion of heal wounds {unknown}
 x - a potion of flight {unknown}
 z - a potion of lignification {unknown}


   Skills:
 - Level 2.0 Fighting
 + Level 9.1 Long Blades
 - Level 2.0 Throwing
 - Level 3.2 Dodging


You had 6 spell levels left.
You didn't know any spells.
Your spell library contained the following spells:

 Spells                   Type           Power      Damage    Failure   Level
 Shock                    Conj/Air       0%         1d3       50%         1
 Swiftness                Air            0%         N/A       86%         3
 Airstrike                Air            0%         2d(0-16)  99%         4


Dungeon Overview and Level Annotations

Branches:
Dungeon (4/15)
 Temple: D:4-7

Altars:

Shops:
D:3 !

Annotations:
D:4 Duvessa


Innate Abilities, Weirdness & Mutations

You have a beak for a mouth.
You have claws for feet.
Your magical nature lets you fly swiftly and evasively.


Message History

Duvessa misses you.
You completely miss Duvessa. Your peck misses Duvessa.
Duvessa is lightly wounded.
Duvessa completely misses you.
You hit Duvessa. You claw Duvessa, but do no damage.
Duvessa is lightly wounded.
Duvessa hits you with a +0 short sword. Duvessa closely misses you.
You hit Duvessa.
Duvessa is moderately wounded.
Duvessa barely misses you.
You hit Duvessa. You claw Duvessa.
Duvessa is moderately wounded.
Duvessa hits you with a +0 short sword!
* * * LOW HITPOINT WARNING * * *
Throw: throwing net
Press: ? - help, Q - select action, (/) - cycle Shift-Dir - straight line, f/p - Duvessa
Aim: Duvessa, wielding a +0 short sword and wearing a +0 leather armour (moderately wounded, berserk, 69% to hit)
You throw a throwing net. The throwing net hits Duvessa.
Duvessa is caught in the net!
Duvessa is moderately wounded.
Duvessa struggles against the net. x2
You are too injured to fight recklessly!
You are too injured to fight recklessly!
You are too injured to fight recklessly!
You are too injured to fight recklessly!
You hit Duvessa. You peck Duvessa, but do no damage.
Duvessa is moderately wounded.
Duvessa struggles against the net.
You hit Duvessa but do no damage.
Duvessa is moderately wounded.
Duvessa struggles against the net.
The net rips apart, and Duvessa comes free!
Duvessa hits you but does no damage. Duvessa attacks as you move away!
Duvessa closely misses you. Duvessa hits you but does no damage.
Duvessa barely misses you. Duvessa attacks as you move away!
Duvessa hits you with a +0 short sword.
* * * LOW HITPOINT WARNING * * *
Duvessa attacks as you move away! Duvessa hits you with a +0 short sword!
You die...

.##....#....##.#.........#.##....
##...........###.#......##.......
.........................####....
#####.....######.........# #####
+#...#+ #.........# # ##.##
#.........# # #.# #..######## #
#.# #..# # #######)########@## #
...............e.# #
.################# ##


You could see Duvessa (berserk).

Vanquished Creatures
  A black bear (D:4)
  An ogre (D:4)
  A scorpion (D:2)
  Dowan (D:4)
  A jelly (D:4)
  An orc priest (D:3)
  Natasha (thrice) (D:3)
  6 gnolls
  3 adders
  2 worms
  3 dart slugs
  11 orcs
  3 endoplasms (D:4)
  2 giant cockroaches
  6 goblins
  A hobgoblin (D:3)
  6 jackals
  7 kobolds
  3 quokkas
  4 ball pythons
  6 bats
  4 frilled lizards
  8 rats
84 creatures vanquished.

Notes
Turn   | Place    | Note
-------+----------+-------------------------------------------
     0 | D:1      | BeingJoeMalik the Tengu Gladiator began the quest for the
                  | Orb.
     0 | D:1      | Reached XP level 1. HP: 12/12 MP: 2/2
   262 | D:1      | Reached XP level 2. HP: 13/17 MP: 3/3
   316 | D:1      | Reached skill level 4 in Long Blades
   621 | D:1      | Found a faded altar of an unknown god.
   930 | D:2      | Reached XP level 3. HP: 21/21 MP: 4/4
  1344 | D:2      | Noticed a scorpion
  1357 | D:2      | Killed a scorpion
  1358 | D:2      | Reached skill level 5 in Long Blades
  1358 | D:2      | Reached XP level 4. HP: 6/26 MP: 5/5
  2017 | D:2      | Reached skill level 6 in Long Blades
  2100 | D:2      | You fall into a shaft and drop 2 floors!
  2156 | D:4      | Gained mutation: Your magical nature lets you fly swiftly
                  | and evasively. [Tengu growth]
  2156 | D:4      | Reached XP level 5. HP: 21/30 MP: 6/6
  2194 | D:4      | Noticed a black bear
  2253 | D:4      | Killed a black bear
  2254 | D:4      | Reached skill level 7 in Long Blades
  2254 | D:4      | Reached XP level 6. HP: 20/35 MP: 7/7
  2585 | D:3      | Found Hir Gan's Distillery.
  2600 | D:3      | Bought a potion of curing for 42 gold pieces
  2600 | D:3      | Bought a potion of might for 56 gold pieces
  3275 | D:3      | Noticed Natasha
  3282 | D:3      | Killed Natasha
  3551 | D:3      | Noticed Natasha
  3555 | D:3      | Killed Natasha
  3556 | D:3      | Reached skill level 8 in Long Blades
  3596 | D:3      | Noticed Natasha
  3605 | D:3      | Killed Natasha
  3800 | D:4      | Reached XP level 7. HP: 40/40 MP: 8/8
  3810 | D:4      | Noticed Dowan
  3811 | D:4      | Noticed Duvessa
  4291 | D:4      | Killed Dowan
  4292 | D:4      | Reached skill level 9 in Long Blades
  4313 | D:4      | Mangled by Duvessa

Illustrated notes

Levels and vault maps discovered:
D:1:      minmay_arrival_solitary_statue, layout_loops_cross,
          nicolae_ecumenical_lake_church, minmay_tetromino_i2
D:2:      layout_loops_corners
D:3:      wander_river, layout_basic, serial_shops, shop, uniq_natasha
D:4:      layout_rooms, minmay_pentangle, uniq_duvessa

Skill      XL: |  1  2  3  4  5  6  7 |
---------------+----------------------+-----
Long Blades    | 4 5 6 7 8 9 |  9.1
Fighting       | |  2.0
Throwing       | |  2.0
Dodging        | |  3.2

Action                   |  1- 3 |  4- 6 |  7- 9 || total
-------------------------+-------+-------+-------++-------
Melee: Long sword        |    57 |   108 |    24 ||   189
       Kick              |    16 |    29 |     8 ||    53
       Peck              |     6 |    14 |     4 ||    24
       Punch             |     1 |     1 |       ||     2
Throw: Throwing net      |     1 |     1 |     2 ||     4
       Dart              |       |     1 |       ||     1
 Stab: Held in net/web   |     1 |       |       ||     1
       Sleeping          |       |     2 |     1 ||     3
Armor: Leather armour    |    13 |    15 |     4 ||    32
Dodge: Dodged            |    37 |    76 |    15 ||   128
